 Dungeon Crawl Stone Soup version 0.32-a0-422-g28b100f618 (webtiles) character file.

Game seed: 17060556035642927950

84 BrainOfJoshTwitch the Vexing (level 4, 0/32 HPs)
             Began as a Barachi Hexslinger on Feb 21, 2024.
             Slain by a cerulean imp
             ... wielding a +1 spear
             ... summoned by Natasha
              (2 damage)
             ... on level 2 of the Dungeon on Feb 22, 2024.
             The game lasted 00:09:47 (760 turns).

BrainOfJoshTwitch the Vexing (Barachi Hexslinger)    Turns: 760, Time: 00:09:47

Health: 0/32       AC:  2    Str:  8 (9)  XL:     4   Next: 46%
Magic:  2/5        EV: 12    Int: 14 (16) God:
Gold:   67         SH:  0    Dex: 12 (14) Spells: 3/5 levels left

rFire   . . .        a - +1 sling
rCold   . . .        g - orb {*Rage}
rNeg    . . .        c - +0 robe
rPois   .            (no helmet)
rElec   .            (no cloak)
rCorr   .            (no gloves)
SInv    .            (no boots)
Will    .....        (no amulet)
Stlth   +            (no ring)
HPRegen 0.25/turn    (no ring)
MPRegen 0.09/turn

%: random rage (20%)
@: weak-willed, slow
A: amphibious, slowness 1, strong legs 1, +LOS
a: Hop


You were on level 2 of the Dungeon.
You visited 1 branch of the dungeon, and saw 2 of its levels.

You collected 67 gold pieces.

Inventory:

Hand Weapons
 a - a +1 sling (weapon)
Armour
 c - a +0 robe (worn)
 g - an orb of wrath (worn)
Scrolls
 b - a scroll of poison
 d - a scroll of enchant weapon {unknown}
 f - a scroll of blinking {unknown}
 i - a scroll of amnesia {unknown}
 j - a scroll of identify {unknown}
Potions
 e - a potion of invisibility {unknown}


   Skills:
 - Level 1.2 Fighting
 - Level 3.0 Ranged Weapons
 - Level 2.1 Dodging
 - Level 1.1 Spellcasting
 * Level 4.6 Hexes
 + Level 2.1 Fire Magic


You had 3 spell levels left.
You knew the following spells:

 Your Spells              Type           Power      Damage    Failure   Level
a - Jinxbite              Hex            26%        N/A       6%          2

Your spell library contained the following spells:

 Spells                   Type           Power      Damage    Failure   Level
 Sigil of Binding         Hex            13%        N/A       12%         3
 Inner Flame              Hex/Fire       10%        N/A       21%         3
 Cause Fear               Hex            6%         N/A       36%         4
 Dimensional Bullseye     Hex/Tloc       3%         N/A       69%         4
 Brom's Barrelling Bould  Conj/Erth      0%         2d3       95%         4
 Fireball                 Conj/Fire      1%         3d3       99%         5
 Iskenderun's Battlesphe  Conj           0%         2d6       100%        5
 Conjure Ball Lightning   Conj/Air       0%         3x3d6     100%        6
 Orb of Destruction       Conj           0%         9d5       100%        7


Dungeon Overview and Level Annotations

Branches:
Dungeon (2/15)

Altars:

Annotations:
D:2 Natasha


Innate Abilities, Weirdness & Mutations

You are amphibious.
You cover ground slowly.
You can hop short distances.
You have an extended range of vision and can be seen from far away.


Message History

The giant cockroach bites you but does no damage.
You shoot a sling bullet. The sling bullet hits the cerulean imp.
The cerulean imp is moderately wounded.
Natasha claws you. The giant cockroach bites you.
The cerulean imp barely misses you. Natasha claws you but does no damage.
Okay, then.
Casting: Jinxbite (safe; 4% risk of failure)
Press: ? - help, Q - select action, (/) - cycle Dir - look around, f - activate Look: Natasha, carrying a wand of flame (chance to call a sprite on attack: 49%)
Okay, then.
You shoot a sling bullet. The sling bullet hits the cerulean imp.
The cerulean imp is heavily wounded.
The adder seems less drained.
The giant cockroach barely misses you.
The cerulean imp hits you but does no damage.
Natasha zaps a wand.
The puff of flame hits you.
The giant cockroach completely misses you.
You are too injured to fight recklessly!
You shoot a sling bullet. The sling bullet hits Natasha.
Natasha is moderately wounded.
A giggling sprite leaps out and makes Natasha trip over her own paws.
Natasha is severely wounded.
The cerulean imp closely misses you.
Natasha zaps a wand.
The puff of flame misses you. The giant cockroach closely misses you.
The cerulean imp hits you with a +1 spear.
* * * LOW HITPOINT WARNING * * *
You shoot a sling bullet. The sling bullet misses Natasha.
A giggling sprite leaps out and smacks Natasha with her own front paw.
Natasha is almost dead.
The jinxing sprites lose interest in you.
The giant cockroach barely misses you. Natasha claws you.
* * * LOW HITPOINT WARNING * * *
The cerulean imp hits you with a +1 spear.
* * * LOW HITPOINT WARNING * * *
The giant cockroach closely misses you.
It was a potion of degeneration.
There was something very wrong with that liquid.
You feel weakened.
You feel dopey.
You feel clumsy. Natasha closely misses you.
The cerulean imp hits you with a +1 spear.
You die...

#..........######.
.......##.....# ##
#.##.#####.##....# .
#..#.# #.#####.# .. ..
##...# #...###.##.......
.##... #.#..............
..# ####.###..##...h....
......#......#..5## ....[.
†..............#@h#......#
.............####B........
###..............b...###.#
#.#........####..##
.#........ .:# ..##.# ...
. #. .... # ..... ##....


You could see Natasha (very drained), a cerulean imp (summoned), a giant
cockroach and a bat.

Vanquished Creatures
  Natasha (D:2)
  An adder (D:2)
  A dart slug (D:1)
  3 bats
  3 endoplasms (D:1)
  2 goblins (D:1)
  2 hobgoblins (D:1)
  3 quokkas (D:1)
  6 ball pythons
  2 frilled lizards
  4 rats
28 creatures vanquished.

Notes
Turn   | Place    | Note
-------+----------+-------------------------------------------
     0 | D:1      | BrainOfJoshTwitch the Barachi Hexslinger began the quest
                  | for the Orb.
     0 | D:1      | Reached XP level 1. HP: 15/15 MP: 2/2
     0 | D:1      | Upgraded the game from 0.32-a0-411-g744942f433 to
                  | 0.32-a0-422-g28b100f618
    26 | D:1      | Reached XP level 2. HP: 21/21 MP: 3/3
    49 | D:1      | Learned a level 2 spell: Jinxbite
   270 | D:1      | Reached XP level 3. HP: 26/26 MP: 1/4
   393 | D:1      | Found a faded altar of an unknown god.
   446 | D:1      | Reached skill level 4 in Hexes
   637 | D:2      | Noticed Natasha
   646 | D:2      | Killed Natasha
   647 | D:2      | Reached XP level 4. HP: 32/32 MP: 0/5
   744 | D:2      | Noticed Natasha
   760 | D:2      | Slain by a cerulean imp

Illustrated notes

Levels and vault maps discovered:
D:1:      dpeg_arrival_shelter, layout_rooms,
          shapermc_ecumenical_altar_mp_urbaneastern, corexii_hall_statues_i,
          serial_bayou_pond_d
D:2:      layout_rooms, basic_altar, uniq_natasha, uniq_sigmund

Skill      XL: |  1  2  3 |
---------------+----------+-----
Ranged Weapons | 3 |  3.0
Hexes          | 4 |  4.6
Fire Magic     | 2 |  2.1
Fighting       | |  1.2
Dodging        | |  2.1
Spellcasting   | |  1.1

Action                     |  1- 3 |  4- 6 || total
---------------------------+-------+-------++-------
   Fire: Sling             |    65 |    22 ||    87
   Cast: Jinxbite          |     6 |     2 ||     8
Ability: Hop               |     1 |       ||     1
    Use: Potion            |       |     1 ||     1
 Armour: Robe              |    10 |    24 ||    34
  Dodge: Dodged            |    17 |    26 ||    43

Table legend: (Time is in decaauts)
 A = Elapsed time spent in this place.
 B = Non-inter-level travel time spent in this place.
 C = Inter-level travel time spent in this place.
 D = Time resting spent in this place.
 E = Time spent auto-exploring this place.
 F = Levels seen in this place.
 G = Mean time per level.
                   A        B        C        D        E       F      G
               +--------+--------+--------+--------+--------+-----+--------+
         Total |    867 |    853 |     14 |      0 |    631 |   2 |  433.5 |
       Dungeon |    867 |    853 |     14 |      0 |    631 |   2 |  433.5 |
               +--------+--------+--------+--------+--------+-----+--------+

Top non-repeatable levels by time:
     D:1: 681 daAuts
     D:2: 185 daAuts
